 Dungeon Crawl Stone Soup version 0.22.0-27-ga576289 (webtiles) character file.

777 Amnesiac the Gusty (level 7, -7/46 HPs)
             Began as a Mummy Air Elementalist on Aug 21, 2018.
             Mangled by a bullfrog (9 damage)
             ... on level 6 of the Dungeon.
             The game lasted 00:06:11 (3544 turns).

Amnesiac the Gusty (Mummy Air Elementalist)         Turns: 3544, Time: 00:06:12

Health: -7/46      AC:  2    Str: 12    XL:     7   Next: 54%
Magic:  10/16      EV: 14    Int: 16    God:
Gold:   165        SH:  0    Dex: 12    Spells: 4/18 levels left

rFire    x . .     SeeInvis .   h - +0 falchion
rCold    + . .     Gourm    .   (no shield)
rNeg     + + +     Faith    .   a - +0 robe
rPois    ∞         Spirit   .   (no helmet)
rElec    .         Reflect  .   (no cloak)
rCorr    .         Harm     .   (no gloves)
MR       .....                  (no boots)
Stlth    ++........             (no amulet)
HPRegen  0.15/turn              f - +2 ring of evasion
MPRegen  0.15/turn              (no ring)

@: no status effects
A: no food or potions, fire vulnerability, cold resistance 1, negative energy
resistance 3, torment resistance, unbreathing
a: no special abilities


You were on level 6 of the Dungeon.
You were not hungry.

You visited 1 branch of the dungeon, and saw 7 of its levels.

You collected 165 gold pieces.

Inventory:

Hand Weapons
 h - a +0 falchion (weapon)
 k - a +2 dagger of draining
Armour
 a - a +0 robe (worn)
 e - a +0 buckler
Jewellery
 f - a +2 ring of evasion (left hand)
 i - an uncursed ring of teleportation
Wands
 c - a wand of acid (7)
Scrolls
 b - 2 scrolls of teleportation {!r}
 d - a scroll of amnesia {!r, unknown}
 g - 2 scrolls of remove curse {!r}
 j - a scroll of magic mapping {!r}
 l - a scroll of fog {!r}
 m - a scroll of enchant weapon {!r, unknown}


   Skills:
 - Level 1.5 Dodging
 - Level 1.5 Stealth
 + Level 6.2 Spellcasting
 - Level 0.7 Conjurations
 * Level 6.3 Air Magic


You had 4 spell levels left.
You knew the following spells:

 Your Spells              Type           Power        Failure   Level  Hunger
a - Shock                 Conj/Air       ###.         3%          1    N/A
b - Passwall              Tmut/Erth      #.......     21%         2    N/A
c - Lightning Bolt        Conj/Air       ###.......   65%         5    N/A
d - Airstrike             Air            ####......   10%         4    N/A
z - Swiftness             Chrm/Air       ###.....     5%          2    N/A

Your spell library contained the following spells:

 Spells                   Type           Power        Failure   Level  Hunger
 Static Discharge         Conj/Air       ###.....     10%         3    N/A
 Sandblast                Erth           #.....       14%         1    N/A
 Stone Arrow              Conj/Erth      #.....       34%         3    N/A
 Petrify                  Tmut/Erth      #.......     80%         4    N/A
 Lee's Rapid Deconstruct  Erth           #.........   98%         5    N/A
 Bolt of Cold             Conj/Ice       #.........   100%        6    N/A
 Simulacrum               Ice/Necr       #.........   100%        6    N/A
 Ice Form                 Ice/Tmut       Unusable     N/A         4    N/A

Dungeon Overview and Level Annotations

Branches:
Dungeon (7/15)
 Temple: D:4-7

Altars:
Hepliaklqana

Annotations:
D:3 Grinder


Innate Abilities, Weirdness & Mutations

You do not eat or drink.
Your flesh is vulnerable to fire.
You are immune to poison.
Your flesh is cold resistant. (rC+)
You are immune to negative energy. (rN+++)
You are immune to unholy pain and torment.
You can survive without breathing.


Message History

The bullfrog is almost dead.
The zap hits the bullfrog.
You kill the bullfrog!
The zap hits the bullfrog.
The bullfrog is moderately wounded.
The zap hits the bullfrog.
The bullfrog is moderately wounded.
The zap misses the gnoll.
The bullfrog barely misses you.
You riposte.
You hit the bullfrog but do no damage.
The bullfrog is moderately wounded.
The gnoll hits you from afar with a spear!
* * * LOW HITPOINT WARNING * * *
The bullfrog barely misses you.
Unknown command.
Casting: Shock (safe; 3% risk of failure)
Confirm with . or Enter, or press ? or * to list all spells.
Aiming: Shock (safe; 3% risk of failure)
Press: ? - help, Shift-Dir - straight line, f - bullfrog
Aim: a bullfrog (moderately wounded)
The zap hits the bullfrog.
The bullfrog is heavily wounded.
The zap hits the gnoll.
The gnoll is heavily wounded.
The zap hits the gnoll.
The gnoll is almost dead.
The zap hits the wight.
The wight is moderately damaged.
The zap hits the wight.
The wight is moderately damaged.
The bullfrog hits you!
* * * LOW HITPOINT WARNING * * *
The gnoll misses you. The bullfrog misses you.
You riposte.
You hit the bullfrog.
The bullfrog is severely wounded.
Unknown command.
Casting: Shock (safe; 3% risk of failure)
Confirm with . or Enter, or press ? or * to list all spells.
Aiming: Shock (safe; 3% risk of failure)
Press: ? - help, Shift-Dir - straight line, f/p - bullfrog
Aim: a bullfrog (severely wounded)
The zap misses the bullfrog.
The zap hits the gnoll.
You kill the gnoll!
The zap hits the wight.
The wight appears unharmed.
The wight is moderately damaged.
The zap misses the wight.
The bullfrog hits you!
* * * LOW HITPOINT WARNING * * *
Unknown command.
Casting: Shock (safe; 3% risk of failure)
Confirm with . or Enter, or press ? or * to list all spells.
Aiming: Shock (safe; 3% risk of failure)
Press: ? - help, Shift-Dir - straight line, f/p - bullfrog
Aim: a bullfrog (severely wounded)
The zap hits the bullfrog.
The bullfrog is severely wounded.
The zap hits the gnoll.
The gnoll is lightly wounded.
The zap hits the gnoll.
The gnoll is moderately wounded.
The zap hits the wight.
The wight is severely damaged.
The zap hits the wight.
The wight appears unharmed.
The wight is severely damaged.
The bullfrog hits you!
You die...

###...........###.###
#..............######..#
..#######.(.....#####.##
## ######..#.....#
##..#.##### .). #.....#
### #.#..## #.#...###
### #.##@...##
.z..#.##F##%.### #
#...#zg###.).#
#....######.# .
##'#........#
#.####_##...#####
.....#'#.....#
.......##g####
.......##.#


You could see a bullfrog, a wight and a gnoll.

Vanquished Creatures
  A sky beast (D:5)
  2 ogres
  A big kobold (D:4)
  2 bullfrogs
  A wight (D:6)
  A howler monkey (D:5)
  A hound (D:5)
  A quasit (D:5)
  2 worker ants (D:4)
  A killer bee zombie (D:5)
  A worker ant zombie (D:5)
  A gnoll (D:6)
  4 adders
  An ooze (D:4)
  A dart slug (D:4)
  5 orcs (D:4)
  A giant cockroach (D:2)
  A goblin (D:2)
  5 hobgoblins
  6 jackals
  A quokka (D:4)
  3 bats
  2 frilled lizards
  10 kobolds
  2 rats
57 creatures vanquished.

Notes
Turn   | Place    | Note
-------+----------+-------------------------------------------
     0 | D:1      | Amnesiac the Mummy Air Elementalist began the quest for the Orb.
     0 | D:1      | Reached XP level 1. HP: 13/13 MP: 4/4
   308 | D:2      | Reached XP level 2. HP: 19/19 MP: 3/5
   511 | D:2      | Learned a level 2 spell: Swiftness
   624 | D:2      | Reached XP level 3. HP: 10/24 MP: 0/7
   673 | D:3      | Noticed Grinder
   974 | D:4      | Noticed an ogre
   992 | D:4      | Killed an ogre
   992 | D:4      | Reached XP level 4. HP: 30/30 MP: 1/10
   992 | D:4      | Reached XP level 5. HP: 35/35 MP: 1/11
   998 | D:4      | Learned a level 4 spell: Airstrike
  1169 | D:5      | Entered Level 5 of the Dungeon
  1187 | D:6      | Noticed a centaur
  1187 | D:6      | Noticed an orc warrior
  1315 | D:4      | Identified the Disquisition on Snow
  2094 | D:4      | Reached XP level 6. HP: 25/41 MP: 1/13
  2304 | D:5      | Reached skill level 5 in Spellcasting
  2304 | D:5      | Reached skill level 5 in Air Magic
  2471 | D:5      | Learned a level 5 spell: Lightning Bolt
  2661 | D:5      | HP: 2/41 [killer bee zombie (8)]
  3022 | D:5      | Noticed a sky beast
  3025 | D:5      | Killed a sky beast
  3025 | D:5      | Reached XP level 7. HP: 46/46 MP: 2/15
  3238 | D:5      | Learned a level 2 spell: Passwall
  3526 | D:6      | Found a hazy altar of Hepliaklqana.
  3543 | D:6      | HP: 2/46 [bullfrog (9)]
  3544 | D:6      | Mangled by a bullfrog

Skill      XL: |  1  2  3  4  5  6  7 |
---------------+----------------------+-----
Air Magic      | 3 4 5 6 |  6.3
Spellcasting   | 3 4 5 6 |  6.2
Dodging        | |  1.5
Stealth        | |  1.5
Conjurations   | |  0.7

Action                   |  1- 3 |  4- 6 |  7- 9 || total
-------------------------+-------+-------+-------++-------
Melee: Unarmed           |    26 |       |       ||    26
       Falchion          |       |     5 |       ||     5
 Cast: Shock             |    49 |    81 |    26 ||   156
       Airstrike         |       |     2 |     1 ||     3
  Use: Scroll            |       |       |     5 ||     5
Armor: Robe              |    22 |     6 |     5 ||    33
Dodge: Dodged            |    60 |    30 |    27 ||   117
       Rpst.: Falchion   |       |     3 |    10 ||    13
